 Dungeon Crawl Stone Soup version 0.17-a0-1399-gd5b76e1 (webtiles) character file.

26410 esc the Fighter (level 12, 0/114 (115) HPs)
             Began as a Minotaur Berserker on June 18, 2015.
             Was a High Priest of Trog.
             Slain by a spiny frog (7 damage)
             ... on level 4 of the Lair of Beasts.
             The game lasted 00:48:22 (19679 turns).

esc the Fighter (Minotaur Berserker)               Turns: 19679, Time: 00:48:22

HP:   0/114 (115)   AC:  9    Str: 23    XL:     12   Next: 98%
MP:   3/3           EV:  2    Int:  4    God:    Trog [*****.]
Gold: 1138          SH:  0    Dex: 14    Spells: 0 memorised, 11 levels left

rFire  + . .     SeeInvis .     J - +2 great sword (antimagic)
rCold  + . .     Clarity  .     f - +1 robe {rC+ rF+}
rNeg   + + +     SustAt   .     (no shield)
rPois  ∞         Gourm    .     (helmet restricted)
rElec  .         Spirit   .     t - +0 cloak
rCorr  .         Warding  .     n - +1 pair of gloves
rMut   .         Stasis   .     D - +0 pair of boots
MR     ++...                    (no amulet)
Stlth  ++........               (no ring)
                                U - ring of poison resistance {rPois, !d}

@: petrified, regenerating, very resistant to hostile enchantments, unstealthy
A: retaliatory headbutt, horns 2
a: Burn Spellbooks, Berserk, Trog's Hand, Brothers in Arms, Renounce Religion


You were on level 4 of the Lair of Beasts.
You worshipped Trog.
Trog was extremely pleased with you.
You were hungry.

You visited 2 branches of the dungeon, and saw 17 of its levels.

You collected 1138 gold pieces.

Inventory:

Hand weapons
 B - a +0 blowgun
   (You took it off a kobold on level 7 of the Dungeon)
 J - a +2 antimagic great sword (weapon)
   (Trog gifted it to you on level 9 of the Dungeon)
 M - a +2 long sword of flaming
   (You took it off Harold on level 12 of the Dungeon)
 N - a +4 triple sword of slicing
   (Trog gifted it to you on level 12 of the Dungeon)
Missiles
 q - 44 poisoned needles
 A - 6 throwing nets {=f, !d}
 P - 12 curare-tipped needles
Armour
 d - the +0 robe of Distant Shores {rElec rC+++ Str-2 Int-4}
   (You found it on level 5 of the Dungeon)

   It affects your strength (-2).
   It affects your intelligence (-4).
   It renders you almost immune to cold.
   It insulates you from electricity.
 f - a +1 robe of resistance (worn)
   (You found it on level 6 of the Dungeon)
 n - a +1 pair of gloves (worn)
   (You found it on level 1 of the Dungeon)
 t - a +0 cloak (worn)
   (You found it on level 3 of the Dungeon)
 D - a +0 pair of boots (worn)
   (You found it on level 8 of the Dungeon)
Jewellery
 e - an uncursed ring of fire {rF+, rC-}
   (You found it on level 2 of the Lair of Beasts)
 U - a ring of poison resistance (left hand) {rPois, !d}
   (You found it on level 4 of the Lair of Beasts)
Magical devices
 b - a wand of paralysis (10)
   (You found it on level 3 of the Lair of Beasts)
 r - a wand of cold (4)
   (You found it on level 3 of the Dungeon)
 x - a wand of enslavement (10)
   (You took it off an orc priest on level 9 of the Dungeon)
 y - a wand of flame (30)
   (You found it on level 12 of the Dungeon)
 z - a wand of cold (7)
   (You found it on level 2 of the Lair of Beasts)
 H - a wand of teleportation (2)
   (You found it on level 11 of the Dungeon)
 L - a wand of confusion (13)
   (You found it on level 10 of the Dungeon)
Scrolls
 a - 2 scrolls of enchant weapon
 l - a scroll of identify
 m - 2 scrolls of remove curse
 p - 5 scrolls of teleportation
 C - a scroll of enchant armour
 E - 2 scrolls of magic mapping {!r}
 O - a scroll of recharging
Potions
 g - 4 potions of curing
 h - 2 potions of ambrosia {!q}
 k - 7 potions of heal wounds
 o - 2 potions of lignification {!q}
 u - 3 potions of might
 v - a potion of resistance
 w - 3 potions of haste
 F - a potion of brilliance
 G - 2 potions of magic
 K - a potion of cure mutation {!q}
 Q - a potion of agility
 R - a potion of invisibility
 S - a potion of flight
 T - a potion of poison {!q}
Miscellaneous
 s - a crystal ball of energy
   (You found it on level 2 of the Lair of Beasts)
Comestibles
 c - 7 bread rations {@e1}
 i - 18 fruits
 j - 11 meat rations {@e2}


   Skills:
 + Level 13.5 Fighting
 + Level 13.2 Long Blades
 + Level 12.9 Armour
 + Level 12.1 Dodging


You had 11 spell levels left.
You didn't know any spells.

Dungeon Overview and Level Annotations

Branches:
Dungeon (12/15)            Temple (0/1) D:6            Lair (5/8) D:8
  Swamp (0/4) Lair:4       Spider (0/4) Lair:3          Orc (0/4) D:9

Altars:
Ashenzari
Cheibriados
Dithmenos
Gozag
Kikubaaqudgha
Makhleb
Qazlal
Ru
Trog

Shops:
D:9 !


Innate Abilities, Weirdness & Mutations

You reflexively headbutt those who attack you in melee.
You have a pair of horns on your head.


Message History

A water moccasin comes into view.
Health restored: 114 A water moccasin is nearby!
You miss the water moccasin. You headbutt the water moccasin.
The water moccasin misses you.
The water moccasin bites you but does no damage.
You slice the water moccasin!! The water moccasin barely misses you.
You furiously retaliate!
You headbutt the water moccasin. You closely miss the water moccasin.
The water moccasin closely misses you. You furiously retaliate!
You headbutt the water moccasin. You slice the water moccasin!!
You kill the water moccasin!
Trog accepts your kill.
No target in view!
You see here a mace.
There is an open door here.
A crocodile comes into view.
You slice the crocodile!!
You headbutt the crocodile, but do no damage.
You barely miss the crocodile. Your headbutt misses the crocodile.
The crocodile closely misses you.
You closely miss the crocodile. The crocodile closely misses you.
You slash the crocodile! You headbutt the crocodile.
You kill the crocodile!
Trog accepts your kill.
No target in view!
No target in view!
All of the chunks of flesh in your inventory have rotted away.
There is a stone staircase leading up here.
Done exploring.
There is a stone staircase leading down here.
You climb downwards.
A basilisk, a water moccasin, a spiny frog and 2 blink frogs come into view.
The spiny frog croaks.
Found a crude chain mail and 14 gold pieces.
Found a stone staircase leading up.
There is a stone staircase leading up here.
The blink frog gives a loud, deep croak!
The blink frog blinks!
The basilisk gazes at you. You resist with some effort.
The blink frog blinks!
The basilisk bites you but does no damage.
The spiny frog misses you.
There is a stone staircase leading up here.
The basilisk gazes at you.
You are slowing down.
The spiny frog stings you but does no damage.
You climb upwards.
You have turned to stone.
The basilisk gazes at you. You resist with some effort.
The spiny frog stings you! The basilisk gazes at you.
You resist with some effort. The spiny frog stings you!
The spiny frog stings you. The basilisk bites you! The spiny frog stings you!!
The basilisk bites you!
The spiny frog stings you but does no damage.
The basilisk bites you but does no damage.
The spiny frog stings you. The basilisk bites you. The spiny frog stings you!
The basilisk bites you! The spiny frog stings you! The spiny frog stings you!!
The basilisk bites you.
You are feeling hungry.
The spiny frog stings you. The basilisk gazes at you.
You resist with some effort. The spiny frog stings you!
You turn to flesh and can move again.
There is a stone staircase leading down here.
You take 61 damage, and have 53/114 hp.
MASSIVE DAMAGE!!
Unknown command.
Unknown command.
The basilisk gazes at you.
You are slowing down.
The spiny frog stings you!
You take 8 damage, and have 45/114 hp.
Unknown command.
Your skin crawls.
You feel resistant to hostile enchantments.
You feel slightly more hungry. The basilisk gazes at you.
You resist with almost no effort. The spiny frog stings you!
The basilisk gazes at you. You resist with almost no effort.
The spiny frog stings you.
Your limbs are stiffening.
You take 6 damage, and have 39/114 hp.
The basilisk misses you.
You have turned to stone.
The spiny frog stings you. The basilisk bites you! The spiny frog stings you!
* * * LOW HITPOINT WARNING * * *
The basilisk gazes at you. You resist with almost no effort.
The spiny frog stings you!!
* * * LOW HITPOINT WARNING * * *
The basilisk gazes at you. You resist with almost no effort.
The spiny frog stings you!
* * * LOW HITPOINT WARNING * * *
The basilisk bites you.
* * * LOW HITPOINT WARNING * * *
The spiny frog stings you!
* * * LOW HITPOINT WARNING * * *
The spiny frog stings you!
You die...

.....####..##.###.#
.....#####..#.#####
.....##.#P.#.###.#
.....###.P.......##
..................#
.................##
......##.....##..##
#..#####...#####..#
#..#####..######@##
.....##P....#..FlP#
P..............>.##
#####..##.####.###
##.#### ### ###


You could see a spiny frog and a basilisk.

Vanquished Creatures
  Harold (D:12)
  2 hydras
  The ghost of Aiteri the Fighter, an experienced HOFi of Okawaru (D:9)
  An unseen horror (D:10)
  2 hill giants
  A wolf spider (Lair:3)
  A griffon (Lair:3)
  5 spiny frogs
  3 black mambas
  A gargoyle (D:12)
  2 jumping spiders (Lair:3)
  A fire drake (D:8)
  2 two-headed ogres
  9 blink frogs
  Sigmund (D:3)
  A wraith (D:11)
  4 hungry ghosts
  A water elemental (D:12)
  20 yaks
  A deep elf mage (D:9)
  Eustachio (D:6)
  A wyvern (D:9)
  2 wargs (D:9)
  8 hippogriffs
  2 orc warriors
  15 porcupines
  Duvessa (D:4)
  3 sky beasts
  A spider (Lair:3)
  A phantom (D:5)
  11 water moccasins
  3 black bears
  An eye of draining (D:9)
  2 necrophages
  3 ice beasts
  4 ogres
  4 centaurs
  9 crocodiles
  4 big kobolds
  12 giant frogs
  A gnoll sergeant (D:8)
  Dowan (D:4)
  3 scorpions
  4 wights
  9 killer bees
  8 electric eels
  2 vampire bats (D:8)
  3 crimson imps
  2 giant frog zombies
  A jelly (D:9)
  5 orc wizards
  2 giant frog skeletons (D:4)
  5 orc priests
  5 hounds
  A quasit (D:8)
  3 iguanas
  9 worker ants
  8 sheep (Lair:4)
  2 hound zombies
  A mummy (D:8)
  3 worker ant zombies
  12 adders
  11 gnolls
  2 shadow imps
  An ooze (D:4)
  2 worms
  5 giant geckos
  42 orcs
  5 bat skeletons
  2 bat zombies (D:8)
  A giant cockroach (D:3)
  17 hobgoblins
  12 jackals
  A quokka (D:3)
  A ball python (D:1)
  13 bats
  3 giant newts
  17 goblins
  A jackal zombie (D:7)
  26 kobolds
  A quokka skeleton (D:9)
  14 rats
  A fungus (Lair:4)
416 creatures vanquished.

Vanquished Creatures (collateral kills)
  The ghost of Kidiri the Basher, an experienced TrBe of Trog (Lair:1)
  Urug (D:10)
  5 yaks (D:10)
  2 orc priests (D:10)
  An orc wizard (D:10)
  2 orcs (D:10)
  A kobold (D:10)
13 creatures vanquished.

Vanquished Creatures (others)
  A kobold (D:2)
  2 fungi
  A plant (Lair:3)
4 creatures vanquished.

Grand Total: 433 creatures vanquished

Notes
Turn   | Place    | Note
--------------------------------------------------------------
     0 | D:1      | esc the Minotaur Berserker began the quest for the Orb.
     0 | D:1      | Reached XP level 1. HP: 19/19 MP: 0/0
   242 | D:1      | HP: 5/20 [giant gecko (2)]
   251 | D:1      | HP: 5/20 [bat (1)]
   538 | D:1      | Reached XP level 2. HP: 21/27 MP: 1/1
   667 | D:1      | Reached skill level 3 in Armour
  1001 | D:1      | Reached skill level 4 in Long Blades
  1202 | D:2      | Found a stormy altar of Qazlal.
  1211 | D:2      | Acquired Trog's second power
  1243 | D:2      | Reached skill level 4 in Fighting
  1243 | D:2      | Reached XP level 3. HP: 30/33 MP: 2/2
  1818 | D:2      | Reached XP level 4. HP: 37/40 MP: 3/3
  1898 | D:2      | Reached skill level 3 in Dodging
  2107 | D:3      | Reached XP level 5. HP: 29/47 MP: 4/4
  2613 | D:3      | Noticed Sigmund
  2615 | D:3      | Killed Sigmund
  2615 | D:3      | Reached skill level 5 in Fighting
  2615 | D:3      | Reached skill level 5 in Long Blades
  2615 | D:3      | Reached skill level 4 in Armour
  2615 | D:3      | Reached skill level 4 in Dodging
  2615 | D:3      | Reached XP level 6. HP: 54/56 MP: 5/5
  3106 | D:4      | Found a shadowy altar of Dithmenos.
  3110 | D:4      | Found a stormy altar of Qazlal.
  3144 | D:4      | Noticed Duvessa
  3144 | D:4      | Noticed Dowan
  3326 | D:4      | Killed Duvessa
  3326 | D:4      | Reached skill level 5 in Armour
  3326 | D:4      | Reached XP level 7. HP: 62/62 MP: 6/6
  3354 | D:4      | Killed Dowan
  3473 | D:4      | Reached skill level 6 in Fighting
  3473 | D:4      | Reached skill level 6 in Long Blades
  3691 | D:5      | Entered Level 5 of the Dungeon
  3698 | D:5      | Reached skill level 5 in Dodging
  3892 | D:5      | Got a wizard robe
  3903 | D:5      | Identified the cursed +0 robe of Distant Shores {rElec rC+++ Str-2 Int-4} (You found it on level 5 of the Dungeon)
  3903 | D:5      | Lost intelligence.
  4362 | D:5      | Reached XP level 8. HP: 62/71 MP: 7/7
  4573 | D:6      | Reached skill level 6 in Armour
  4706 | D:6      | Acquired Trog's third power
  4742 | D:6      | Reached skill level 7 in Fighting
  4770 | D:6      | Found a staircase to the Ecumenical Temple.
  4781 | D:6      | Reached skill level 7 in Long Blades
  4781 | D:6      | Reached skill level 6 in Dodging
  5455 | D:6      | Noticed Eustachio
  5497 | D:6      | Killed Eustachio
  5497 | D:6      | Reached skill level 7 in Armour
  6017 | D:7      | Reached XP level 9. HP: 56/81 MP: 8/8
  6142 | D:7      | Reached skill level 8 in Fighting
  6142 | D:7      | Reached skill level 8 in Long Blades
  6283 | D:7      | You fall through a shaft for 2 floors!
  6283 | D:9      | Noticed Aiteri's ghost (experienced HOFi)
  6303 | D:9      | Noticed a hill giant
  6367 | D:8      | Reached skill level 7 in Dodging
  6408 | D:8      | Found a snail-covered altar of Cheibriados.
  7037 | D:8      | Reached skill level 8 in Armour
  7206 | D:8      | Found a staircase to the Lair.
  7207 | D:8      | Noticed a fire drake
  7235 | D:8      | Killed a fire drake
  7255 | D:8      | Found a burning altar of Makhleb.
  7342 | D:8      | Found an ancient bone altar of Kikubaaqudgha.
  7396 | D:8      | Reached skill level 9 in Fighting
  7420 | D:8      | Found a sacrificial altar of Ru.
  7421 | D:8      | Found a bloodstained altar of Trog.
  7460 | D:8      | Reached skill level 9 in Long Blades
  7513 | D:8      | Got a translucent leather armour
  7545 | D:8      | Identified the cursed +1 leather armour of Deuneh {Dex+3} (You took it off an orc on level 8 of the Dungeon)
  7577 | D:9      | Reached skill level 8 in Dodging
  7587 | D:9      | Found Uczu's Distillery.
  7619 | D:9      | Found an opulent altar of Gozag.
  7666 | D:9      | Reached skill level 9 in Armour
  7666 | D:9      | Reached XP level 10. HP: 86/91 MP: 9/9
  7775 | Lair:1   | Entered Level 1 of the Lair of Beasts
  7809 | Lair:1   | Noticed Kidiri's ghost (experienced TrBe)
  8008 | Lair:2   | Reached skill level 10 in Fighting
  8302 | Lair:2   | Reached skill level 10 in Long Blades
  8609 | Lair:2   | Reached skill level 9 in Dodging
  8660 | Lair:2   | Noticed an eight-headed hydra
  9155 | Lair:3   | Noticed a wolf spider
  9156 | Lair:3   | Found a hole to the Spider Nest.
  9171 | Lair:3   | Reached skill level 10 in Armour
  9180 | Lair:3   | HP: 33/141 [wolf spider (11)]
  9181 | Lair:3   | Killed a wolf spider
 10021 | Lair:3   | Reached XP level 11. HP: 101/101 MP: 10/10
 11276 | Lair:2   | Reached skill level 11 in Fighting
 11457 | Lair:2   | Reached skill level 10 in Dodging
 11784 | D:8      | Reached skill level 11 in Long Blades
 11929 | D:8      | Killed a hill giant
 12123 | D:9      | Found a staircase to the Orcish Mines.
 12173 | D:9      | Received a gift from Trog
 12237 | D:9      | Reached skill level 11 in Armour
 12515 | D:9      | Got a transparent dagger
 12516 | D:9      | Identified the +7 dagger "Pisakel" {drain, +Inv MP+9 Dex-5 Stlth+} (You took it off an orc priest on level 9 of the Dungeon)
 12635 | D:9      | Killed Aiteri's ghost
 12977 | D:10     | Entered Level 10 of the Dungeon
 13337 | D:10     | Noticed Urug
 13344 | D:10     | Killed Urug
 13540 | D:10     | Killed an unseen horror
 14120 | D:11     | Found a shattered altar of Ashenzari.
 14124 | D:11     | Saw a vision of the Swamp and the Spider Nest.
 14124 | D:11     | Noticed an alligator
 14124 | D:11     | Noticed an alligator
 14752 | D:12     | Found an ancient bone altar of Kikubaaqudgha.
 14775 | D:12     | Reached skill level 12 in Fighting
 14780 | D:12     | Reached skill level 11 in Dodging
 14781 | D:12     | Reached skill level 12 in Long Blades
 14788 | D:12     | Received a gift from Trog
 15044 | D:12     | Reached XP level 12. HP: 95/112 MP: 3/11
 15385 | D:12     | Identified a scroll of acquirement
 15386 | D:12     | Got an ancient buckler
 15393 | D:12     | Identified the +0 buckler of the Maze {rF- rC+ Str+2 SInv} (You acquired it on level 12 of the Dungeon)
 15413 | D:12     | Noticed Harold
 15446 | D:12     | Killed Harold
 15808 | D:12     | Reached skill level 12 in Armour
 16409 | Lair:1   | Noticed a seven-headed hydra
 16420 | Lair:1   | Killed a two-headed hydra
 16436 | Lair:1   | Noticed a black mamba
 16468 | Lair:1   | HP: 26/112 [water moccasin (4)]
 16474 | Lair:1   | HP: 24/112 [poisoned by a water moccasin]
 16479 | Lair:1   | HP: 23/112 [poisoned by a water moccasin]
 16486 | Lair:1   | HP: 23/112 [poisoned by a water moccasin]
 16494 | Lair:1   | HP: 24/112 [poisoned by a water moccasin]
 16813 | Lair:1   | Killed Kidiri's ghost
 17045 | Lair:1   | Killed a black mamba
 18031 | Lair:4   | Found a staircase to the Swamp.
 18059 | Lair:4   | Reached skill level 13 in Fighting
 18289 | Lair:4   | Reached skill level 13 in Long Blades
 18534 | Lair:4   | Reached skill level 12 in Dodging
 18735 | Lair:4   | Noticed a seven-headed hydra
 18743 | Lair:4   | Killed a three-headed hydra
 19675 | Lair:4   | HP: 28/114 [spiny frog (8)]
 19677 | Lair:4   | HP: 13/114 [spiny frog (8)]
 19678 | Lair:4   | HP: 5/114 [spiny frog (8)]
 19679 | Lair:4   | Slain by a spiny frog

Vault maps used:
D:1:      minmay_arrival_radiant_lines, serial_bayou_pond_a,
          minmay_misc_feat_rows
D:2:      minmay_door_path, grunt_qazlal_clouds
D:3:      first_bread, uniq_sigmund
D:4:      grunt_temple_overflow_open, uniq_duvessa
D:6:      minmay_temple_entry_statues_pillars, st_stairs_12, uniq_eustachio,
          uniq_edmund
D:8:      slow_altar_1, gammafunk_temple_overflow_pools, lightli_temple_of_fire,
          kennysheep_vampire_church, minmay_lair_entry_lava,
          kennysheep_generic_room_11
D:9:      erik_orc_4, serial_shops, shop, blue_anna_alchemist,
          lemuel_statue_altar
D:10:     stair_cage_line, uniq_urug
D:11:     grunt_ashenzari_visionary
D:12:     basic_altar, water_boxes_lemuel, uniq_harold
Lair:1:   minivault_23, serial_bayou_lake_a
Lair:2:   minivault_19, beast_lair_carwin_8
Lair:3:   spider_nest_entry_funnel_web, serial_bayou_lagoon_a, minmay_holes,
          serial_bayou_shore_a, lemuel_fruit_fields
Lair:4:   swamp_mist_pool, grunt_megastairs_2
Lair:5:   serial_bayou_shore_b

Action                   |  1- 3 |  4- 6 |  7- 9 | 10-12 || total
-------------------------+-------+-------+-------+-------++-------
Melee: Falchion          |    21 |       |   250 |   264 ||   535
       Dagger            |    66 |    75 |   145 |       ||   286
       Great sword       |       |       |       |   431 ||   431
       Long sword        |       |       |       |    11 ||    11
 Fire: Blowgun           |       |       |       |    14 ||    14
Invok: Berserk           |       |     2 |       |     4 ||     6
       Trog's Hand       |       |     1 |       |     5 ||     6
       Burn Spellbooks   |       |       |     1 |     1 ||     2
       Brothers in Arms  |       |       |       |     2 ||     2
Evoke: Wand              |       |     2 |       |     3 ||     5
  Use: Scroll            |       |       |    13 |    18 ||    31
       Potion            |       |       |       |     2 ||     2
 Stab: Sleeping          |       |     1 |       |     4 ||     5
  Eat: Chunk             |     3 |     5 |    12 |    27 ||    47
       Pizza             |       |       |     1 |       ||     1
       Bread ration      |       |       |     1 |     1 ||     2
       Fruit             |       |       |       |    15 ||    15

Vault maps used:
D:1:      minmay_arrival_radiant_lines, serial_bayou_pond_a,
          minmay_misc_feat_rows
D:2:      minmay_door_path, grunt_qazlal_clouds
D:3:      first_bread, uniq_sigmund
D:4:      grunt_temple_overflow_open, uniq_duvessa
D:6:      minmay_temple_entry_statues_pillars, st_stairs_12, uniq_eustachio,
          uniq_edmund
D:8:      slow_altar_1, gammafunk_temple_overflow_pools, lightli_temple_of_fire,
          kennysheep_vampire_church, minmay_lair_entry_lava,
          kennysheep_generic_room_11
D:9:      erik_orc_4, serial_shops, shop, blue_anna_alchemist,
          lemuel_statue_altar
D:10:     stair_cage_line, uniq_urug
D:11:     grunt_ashenzari_visionary
D:12:     basic_altar, water_boxes_lemuel, uniq_harold
Lair:1:   minivault_23, serial_bayou_lake_a
Lair:2:   minivault_19, beast_lair_carwin_8
Lair:3:   spider_nest_entry_funnel_web, serial_bayou_lagoon_a, minmay_holes,
          serial_bayou_shore_a, lemuel_fruit_fields
Lair:4:   swamp_mist_pool, grunt_megastairs_2
Lair:5:   serial_bayou_shore_b

Table legend:
 A = Turns spent in this place as a percentage of turns spent in the entire game.
 B = Non-inter-level travel turns spent in this place as a percentage of non-inter-level travel turns spent in the entire game.
 C = Inter-level travel turns spent in this place as a percentage of turns spent in this place.
 D = Turns resting spent in this place as a percentage of non-inter-level travel turns spent in this place.
 E = Turns spent auto-exploring this place as a percentage of non-inter-level travel turns spent in this place.
 F = Non-inter-level travel turns spent in this place divided by the number of levels of this place that you've seen.
                   A       B       C       D       E      F
               +-------+-------+-------+-------+-------+----------------------
         Total | 100.0 | 100.0 |   0.6 |   4.1 |   9.2 | 257.3
       Dungeon |  70.9 |  70.8 |   0.7 |   3.2 |   9.4 | 258.2
          Lair |  29.1 |  29.2 |   0.5 |   6.4 |   8.5 | 255.2
               +-------+-------+-------+-------+-------+----------------------

Table legend:
 A = Kills in this place as a percentage of kills in entire the game.
 B = Kills by you in this place as a percentage of kills by you in the entire game.
 C = Kills by friends in this place as a percentage of kills by friends in the entire game.
 D = Other kills in this place as a percentage of other kills in the entire game.
 E = Experience gained in this place as a percentage of experience gained in the entire game.
 F = Experience gained in this place divided by the number of levels of this place that you have seen.
                   A       B       C       D       E      F
               +-------+-------+-------+-------+-------+----------------------
         Total | 100.0 | 100.0 | 100.0 |  -nan | 100.0 | 2219.4
       Dungeon |  75.2 |  74.7 |  92.3 |  -nan |  46.6 | 1465.2
          Lair |  24.8 |  25.3 |   7.7 |  -nan |  53.4 | 4029.2
               +-------+-------+-------+-------+-------+----------------------
